 Dungeon Crawl Stone Soup version 0.29.0-11-gd7f09526c8 (webtiles) character file.

Game seed: 7309571846649883660

11 greasedhog the Sneak (level 2, -1/15 HPs)
             Began as a Kobold Hedge Wizard on Sept 6, 2022.
             Slain by a ball python (3 damage)
             ... on level 1 of the Dungeon.
             The game lasted 00:00:45 (519 turns).

greasedhog the Sneak (Kobold Hedge Wizard)           Turns: 519, Time: 00:00:45

Health: -1/15      AC:  2    Str:  7    XL:     2   Next: 40%
Magic:  6/6        EV: 14    Int: 15    God:
Gold:   34         SH:  0    Dex: 14    Spells: 6/7 levels left

rFire   . . .      SeeInvis .   a - +0 dagger (venom)
rCold   . . .      Faith    .   (no shield)
rNeg    . . .      Spirit   .   b - +0 robe
rPois   .          Reflect  .   c - +0 hat
rElec   .          Harm     .   (no cloak)
rCorr   .          Rampage  .   (no gloves)
Will    .....                   (no boots)
Stlth   +++.......              (no amulet)
HPRegen 0.05/turn               (no ring)
MPRegen 0.10/turn               (no ring)

@: no status effects
A: small, no large weapons, nightstalker 3
a: no special abilities


You were on level 1 of the Dungeon.
You visited 1 branch of the dungeon, and saw 1 of its levels.

You collected 34 gold pieces.

Inventory:

Hand Weapons
 a - a +0 dagger of venom (weapon)
Missiles
 g - 2 atropa-tipped darts
Armour
 b - a +0 robe (worn)
 c - a +0 hat (worn)
Potions
 d - a potion of magic
 f - a potion of resistance {unknown}


   Skills:
 * Level 1.7 Short Blades
 - Level 2.4 Dodging
 * Level 3.4 Stealth
 - Level 3.2 Spellcasting
 - Level 1.0 Conjurations
 - Level 1.0 Summonings
 - Level 1.0 Translocations


You had 6 spell levels left.
You knew the following spells:

 Your Spells              Type           Power      Damage    Failure   Level
a - Magic Dart            Conj           20%        1d4       13%         1

Your spell library contained the following spells:

 Spells                   Type           Power      Damage    Failure   Level
 Slow                     Hex            8%         N/A       21%         1
 Blink                    Tloc           10%        N/A       21%         2
 Call Imp                 Summ           5%         N/A       21%         2
 Conjure Flame            Conj/Fire      3%         6-21      43%         3
 Mephitic Cloud           Conj/Pois/Air  3%         N/A       45%         3


Dungeon Overview and Level Annotations

Branches:
Dungeon (1/15)

Altars:


Innate Abilities, Weirdness & Mutations

You are small and have problems with some larger weapons.
You are completely attuned to the shadows.


Message History

The jackal is almost dead.
The jackal closely misses you. The ball python misses you.
The ball python closely misses you.
You closely miss the jackal.
The jackal is almost dead.
The jackal bites you. The ball python barely misses you.
The ball python closely misses you.
You closely miss the jackal.
The jackal is almost dead.
The ball python bites you but does no damage.
The ball python closely misses you. The jackal bites you.
You hit the jackal but do no damage.
The jackal is almost dead.
The jackal closely misses you. The ball python bites you.
The ball python grabs you. The ball python constricts you.
* * * LOW HITPOINT WARNING * * *
The jackal closely misses you.
You escape the ball python's grasp.
The jackal misses you. The jackal barely misses you.
As you read the scroll labelled ERUZALO ORUHEA, it crumbles to dust.
It is a scroll of brand weapon.
Your +0 dagger drips with poison.
a - a +0 dagger of venom (weapon)
The jackal closely misses you. x2; The jackal misses you.
You hit the jackal.
You kill the jackal!
The jackal barely misses you. The ball python barely misses you. x2
The jackal completely misses you.
You hit the jackal.
The jackal is poisoned.
The jackal is severely wounded.
The jackal closely misses you. The ball python bites you.
* * * LOW HITPOINT WARNING * * *
The ball python closely misses you.
You hit the jackal.
The jackal looks as sick as possible!
The jackal is almost dead.
You kill the jackal!
The ball python closely misses you. x2
You hit the ball python but do no damage.
The ball python is poisoned.
The ball python bites you.
You die...

..#............#........
..#............#.........
..#............#.........
...............#.........
...............#.........
..#............#....?....
..##.....#######.........
..#.......## #.S.......
.....##.#..#####@........
#....##..................
......'..................
..#'###..................
..#####.................
.....##÷.......÷.......
####.##................
#.##................
#.##.........^......


You could see a ball python (poisoned).

Vanquished Creatures
  A dart slug (D:1)
  An endoplasm (D:1)
  2 jackals (D:1)
  2 ball pythons (D:1)
  A bat (D:1)
  A frilled lizard (D:1)
  3 rats (D:1)
11 creatures vanquished.

Notes
Turn   | Place    | Note
-------+----------+-------------------------------------------
     0 | D:1      | greasedhog the Kobold Hedge Wizard began the quest for the
                  | Orb.
     0 | D:1      | Reached XP level 1. HP: 10/10 MP: 4/4
   119 | D:1      | Reached skill level 1 in Short Blades
   238 | D:1      | Reached XP level 2. HP: 7/15 MP: 6/6
   519 | D:1      | Slain by a ball python

Illustrated notes

Levels and vault maps discovered:
D:1:      lightli_arrival_noodles, layout_basic,
          shapermc_ecumenical_altar_acropolis,
          amcnicky_mini_rare_corridor_liquid

Skill      XL: |  1 |
---------------+----+-----
Short Blades   | 1 |  1.7
Stealth        | 3 |  3.4
Dodging        | |  2.4
Spellcasting   | |  3.2
Conjurations   | |  1.0
Summonings     | |  1.0
Translocations | |  1.0

Action                   || total
-------------------------++-------
Melee: Dagger            ||    29
       Punch             ||     1
 Cast: Magic Dart        ||     1
  Use: Scroll            ||     1
 Stab: Sleeping          ||     6
Armor: Robe              ||     2
Dodge: Dodged            ||    45
